 Dungeon Crawl Stone Soup version 0.27-a0-1557-g57f10a385c (webtiles) character file.

Game seed: 3417409537425774469

66 robertstho the Skirmisher (level 3, -1/52 HPs)
             Began as a Minotaur Berserker on July 15, 2021.
             Was a Follower of Trog.
             Succumbed to a water moccasin's poison
             ... on level 3 of the Dungeon.
             The game lasted 00:01:39 (2532 turns).

robertstho the Skirmisher (Minotaur Berserker)      Turns: 2532, Time: 00:01:40

Health: -1/52      AC:  2    Str: 21    XL:     3   Next: 96%
Magic:  2/2        EV: 12    Int:  5    God:    Trog [*.....]
Gold:   72         SH:  0    Dex:  9    Spells: 2/2 levels left

rFire    . . .     SeeInvis .   a - +0 hand axe
rCold    . . .     Faith    .   (no shield)
rNeg     . . .     Spirit   .   b - +0 animal skin
rPois    .         Reflect  .   (helmet restricted)
rElec    .         Harm     .   (no cloak)
rCorr    .         Rampage  .   (no gloves)
Will     ++...                  (no boots)
Stlth    ..........             (no amulet)
HPRegen  1.17/turn              (no ring)
MPRegen  0.08/turn              (no ring)

@: brilliant, berserking, lethally poisoned (-1 -> -10), strong-willed,
regenerating, very quick
A: horns 2, retaliatory headbutt
a: Renounce Religion, Berserk


You were on level 3 of the Dungeon.
You worshipped Trog.
Trog was aware of your devotion.
You visited 1 branch of the dungeon, and saw 3 of its levels.

You collected 72 gold pieces.

Inventory:

Hand Weapons
 a - a +0 hand axe (weapon)
Missiles
 c - a throwing net (quivered)
Armour
 b - a +0 animal skin (worn)
Jewellery
 e - a ring of flight
Wands
 g - a wand of polymorph (4)
Scrolls
 d - a scroll of immolation {unknown}
 f - a scroll of noise {unknown}
Potions
 h - a potion of brilliance


   Skills:
 * Level 4.8 Fighting
 + Level 4.1 Axes
 * Level 3.0 Armour
 + Level 2.7 Dodging
 + Level 0.1 Stealth


You had 2 spell levels left.
You didn't know any spells.
Your spell library was empty.

Dungeon Overview and Level Annotations

Branches:
Dungeon (3/15)

Altars:
Okawaru
Xom
The Shining One

Shops:
D:1 :


Innate Abilities, Weirdness & Mutations

You have a pair of horns on your head.
You reflexively headbutt those who attack you in melee.


Message History

Your headbutt misses the water moccasin.
The water moccasin bites you!
You closely miss the water moccasin. The water moccasin bites you.
The water moccasin closely misses you.
You slash the water moccasin!
The water moccasin is moderately wounded.
The water moccasin barely misses you.
You closely miss the water moccasin.
Your headbutt misses the water moccasin.
The water moccasin is moderately wounded.
The water moccasin misses you. The water moccasin barely misses you.
You closely miss the water moccasin.
Your headbutt misses the water moccasin.
The water moccasin is moderately wounded.
The water moccasin bites you. x2
* * * LOW HITPOINT WARNING * * *
You are lethally poisoned!
The water moccasin poisons you!
Your skin crawls.
You feel strong-willed.
You can no longer call upon Trog for regeneration and willpower.
* * * LOW HITPOINT WARNING * * *
You feel very sick. The water moccasin bites you.
* * * LOW HITPOINT WARNING * * *
It was a potion of brilliance.
You feel clever all of a sudden.
* * * LOW HITPOINT WARNING * * *
You feel very sick. The water moccasin closely misses you.
A red film seems to cover your vision as you go berserk!
You feel yourself moving faster!
You feel mighty!
You feel sick. The water moccasin bites you.
* * * LOW HITPOINT WARNING * * *
You are more poisoned.
The water moccasin poisons you! The water moccasin closely misses you.
You furiously retaliate!
You headbutt the water moccasin! You closely miss the water moccasin.
The water moccasin is heavily wounded.
You die...

###.....#...#
#........##.####
###........##....#
.........[.##<...######
...........###........#
..........###........#
..........'..........#
.♣.♣.#.....#####......#
.$.....@#### #......#
.♣.♣.♣.S# #......#
_.....# #......# ♣
♣.♣..# #......# ......#
######## ♣.♣.#..# ...
....# ## # ####


You could see a water moccasin.

Vanquished Creatures
  2 adders (D:2)
  A dart slug (D:1)
  2 endoplasms
  2 giant cockroaches
  4 goblins
  7 hobgoblins
  6 jackals (D:2)
  4 kobolds
  A quokka (D:1)
  4 ball pythons
  3 bats
  2 frilled lizards (D:2)
  2 rats (D:2)
40 creatures vanquished.

Notes
Turn   | Place    | Note
-------+----------+-------------------------------------------
     0 | D:1      | robertstho the Minotaur Berserker began the quest for the
                  | Orb.
     0 | D:1      | Reached XP level 1. HP: 19/19 MP: 0/0
   420 | D:1      | Reached XP level 2. HP: 27/27 MP: 1/1
   497 | D:1      | Found a faded altar of an unknown god.
   819 | D:1      | Found Ofahood's Book Boutique.
  1293 | D:2      | Reached XP level 3. HP: 34/34 MP: 2/2
  1844 | D:2      | Found a shimmering altar of Xom.
  2435 | D:3      | Found a glowing golden altar of the Shining One.
  2456 | D:3      | Reached ** piety under Trog
  2522 | D:3      | Found an iron altar of Okawaru.
  2522 | D:3      | Noticed a water moccasin
  2531 | D:3      | HP: 2/52 [water moccasin (4)]
  2532 | D:3      | Succumbed to a water moccasin's poison

Illustrated notes

Levels and vault maps discovered:
D:1:      ncdulo_halloftheorcs, layout_loops_ring, serial_shops, shop,
          dreamdust_ecumenical_altar_statues
D:2:      layout_loops_corners, basic_altar
D:3:      layout_basic, mainiacjoe_overflow_tiny_flanked, bloody_makhleb,
          okawaru_trees_1

Skill      XL: |  1  2  3 |
---------------+----------+-----
Fighting       | 4 |  4.8
Axes           | 4 |  4.1
Armour         | 3 |  3.0
Dodging        | |  2.7
Stealth        | |  0.1

Action                   || total
-------------------------++-------
Melee: Hand axe          ||    90
       Headbutt          ||    12
Invok: Berserk           ||     2
       Trog's Hand       ||     1
  Use: Potion            ||     1
Armor: Animal skin       ||     8
Dodge: Dodged            ||    62

Table legend: (Time is in decaauts)
 A = Elapsed time spent in this place.
 B = Non-inter-level travel time spent in this place.
 C = Inter-level travel time spent in this place.
 D = Time resting spent in this place.
 E = Time spent auto-exploring this place.
 F = Levels seen in this place.
 G = Mean time per level.
                   A        B        C        D        E       F      G
               +--------+--------+--------+--------+--------+-----+--------+
         Total |   2553 |   2514 |     39 |     41 |   2233 |   3 |  851.0 |
       Dungeon |   2553 |   2514 |     39 |     41 |   2233 |   3 |  851.0 |
               +--------+--------+--------+--------+--------+-----+--------+

Top non-repeatable levels by time:
     D:2: 1379 daAuts
     D:1: 1029 daAuts
     D:3: 145 daAuts
